Zazza, lawful female dwarven Valkyrie -------- .....<.| --- |......| .| #.......| -.| ###-.------ |.| # | |.|### | |. |.|# - --... -----|--|---.|# | -- -- ---..............).G@....# |.............{......h...M..B.@.|## | - --- --- - ---......fd@..|# | -----|---.| . |.| |.| |.| -.| .| --- Zazza the Skirmisher Experience level: 5 Strength: 18/01 Dexterity: 10 Constitution: 17 Intelligence: 12 Wisdom: 9 Charisma: 7 Health: 0(50) Energy: 6(6) Def: 4 Gold: 979 Moves: 2115 Dungeon seed: 4bHQ6LDizPZ6QPWa Game ID: Zazza_1527762858 Your Inventory: Coins $ - 979 gold pieces Weapons a - a corroded +1 long sword (weapon in hand) b - a +0 dagger H - a +0 orcish dagger J - 11 +0 darts L - 3 +0 daggers Armor e - an uncursed +3 small shield (being worn) n - a cursed +0 orcish helm q - an uncursed +0 orcish helm r - a cursed +0 fedora y - a cursed +0 leather jacket B - an uncursed +0 orcish helm I - an uncursed +0 orcish helm Comestibles c - an uncursed food ration i - an uncursed clove of garlic K - an uncursed carrot P - an uncursed ape corpse Spellbooks o - a cursed spellbook of cancellation D - an uncursed spellbook of teleport away Wands l - a cursed wand of polymorph (0:3) Tools f - an uncursed blindfold p - a cursed sack s - a cursed pair of lenses t - a cursed +0 pick-axe u - a cursed tin opener v - a cursed tinning kit (0:38) E - an uncursed tin opener F - an uncursed skeleton key O - a +0 pick-axe Gems z - a cursed touchstone A - 2 uncursed worthless pieces of blue glass G - an uncursed amethyst stone N - an uncursed worthless piece of yellowish brown glass Y - an uncursed worthless piece of red glass Spells and supernatural/magical abilities: Name Level Category Fail Memory W - pray for help -- divine ? -- Your skills at the end: Fighting Skills Weapon Skills dagger [Basic] long sword [Basic] Spellcasting Skills Final Attributes: You were piously aligned. You were cold resistant. You had infravision. You were stealthy. You were lucky. You are dead. Vanquished creatures: a ghost an ape a bugbear a rock mole 2 giant ants a kitten 2 large kobolds a brown mold 2 yellow molds 2 green molds a red mold 4 gnomes 5 jackals a fox 7 goblins 5 sewer rats 4 grid bugs 2 bats 3 lichens 3 newts 49 creatures vanquished. Voluntary challenges: You had been an atheist until turn 2111. You used a wielded weapon 46 times, starting on turn 1. You were illiterate. You never genocided any monsters. You never polymorphed an object. You never changed form. You used no wishes. You never split a pudding. You never wrote Elbereth's name. You never violated your personal moral code. Dungeon overview: The Dungeons of Doom: levels 1 to 2 Level 1 a long staircase Level 2 stairs to The Gnomish Mines The Gnomish Mines: levels 3 to 5 Level 3 stairs to The Dungeons of Doom Level 4 Level 5 <- You were here some fountains History has recorded: On T:1 you entered the Dungeons of Doom to retrieve the Amulet of Yendor! On T:381 you reached level 2 of The Dungeons of Doom. On T:439 you advanced to experience level 2. On T:785 you advanced to experience level 3. On T:1099 you reached level 1 of The Gnomish Mines. On T:1118 you advanced to experience level 4. On T:1612 you reached level 2 of The Gnomish Mines. On T:1804 you advanced to experience level 5. On T:2075 you reached level 3 of The Gnomish Mines. Score breakdown: Gold: 979 (10175 points) Experience: 5 levels (11141 points) Exploration: 5 levels ( 10.42%) ( 8751 points) Discoveries: 0 items ( 0.00%) ( 0 points) Valuables value: (no points given unless you survive) Artifact value: 0 ( 0 points) Variety of kills: 20 monsters ( 5.25%) ( 6873 points) Turncount: 2115 turns ( -83 points) Survival: died (score multiplied by 80%) Total score: 29485 Latest messages: The little dog starts to attack you, but pulls back. The bat starts to attack you, but pulls back. The little dog starts to attack you, but pulls back. The bat starts to attack you, but pulls back. The little dog starts to attack you, but pulls back. The bat starts to attack you, but pulls back. (2x) You feel that Tyr is well-pleased. The little dog bites! The bat just misses! The little dog bites! Never mind. M - a cyan potion. This tastes like slime mold juice. (You can name a cyan potion from the item naming menu.) The little dog bites! You die... The sack is empty. The sack is empty. Final status: Farvel Zazza the Valkyrie, killed by a little dog... You died in The Gnomish Mines on dungeon level 5 with 29485 points, and 979 pieces of gold, after 2115 moves. You were level 5 with a maximum of 50 hit points when you died.